 Dungeon Crawl Stone Soup version 0.31-a0-590-g8a5a4361df (webtiles) character file.

Game seed: 14522075086014973536

48764 Rohain the Polluter (level 14, -2/80 HPs)
             Began as a Djinni Fire Elementalist on Aug 19, 2023.
             Was a Believer of Ashenzari.
             Slain by a minotaur zombie (7 damage)
             ... in a Gauntlet.
             The game lasted 00:50:34 (17906 turns).

Rohain the Polluter (Djinni Fire Elementalist)     Turns: 17906, Time: 00:50:35

Health: -2/80      AC: 19    Str:  7    XL:     14   Next: 88%
Gold:   645        EV: 25    Int: 25    God:    Ashenzari [**....] SH:  5 Dex: 25

rFire   + + +        H - staff "Share My Jealousy" (curse) {rF+ Fire, Cun, Elem} (curse)
rCold   . . .        (no shield)
rNeg    . . .        J - +0 troll leather armour
rPois   ∞            i - +3 hat of Pondering {ponderous, Will+ MP+10 Int+5}
rElec   +            p - +2 cloak of the Astrological Sky {Will+, Elem, Melee} (curse)
rCorr   +            f - +0 pair of gloves
SInv    +            (boots unavailable)
Will    +++..        W - amulet of Viwkuah {Reflect Harm Fragile Dex+3 SH+5}
Stlth   +++          U - ring of the Quick God {rElec rC+ rCorr}
HPRegen 1.13/turn    q - ring "Eternal Awkwardness" {Dex+6, Melee, Self} (curse)
MPRegen 0.00/turn

%: no teleportation, harm (+30% outgoing, +20% incoming), reflection, infuse
magic (-3 HP)
@: ice-armoured, flying, very slightly contaminated, studying Poison Magic, slow
A: sickness immunity, fire resistance 2, cold vulnerability 1, float, innate
caster, HP casting, extra vitality 1
a: Renounce Religion, Curse Item, Shatter the Chains


You were in a Gauntlet.
You worshipped Ashenzari.
Ashenzari was pleased with you.
You visited 3 branches of the dungeon, and saw 18 of its levels.
You also visited: Bailey and Gauntlet.

You collected 1115 gold pieces.
You spent 470 gold pieces at shops.

Inventory:

Hand Weapons
 u - the +1 hammer of Radicalism {pain, Will+}
   (You found it on level 5 of the Dungeon)

   Will+:     It increases your willpower.
Missiles
 N - 7 throwing nets
Armour
 a - a +0 robe
 f - a +0 pair of gloves (worn)
 i - the +3 hat of Pondering (worn) {ponderous, Will+ MP+10 Int+5}
   (You found it on level 1 of the Lair of Beasts)

   Int+5:     It affects your intelligence (+5).
   Will+:     It increases your willpower.
   MP+10:     It affects your magic capacity (+10).
 n - a +2 robe of resistance
 p - the cursed +2 cloak of the Astrological Sky (worn) {Will+, Elem, Melee}
   (You bought it in a shop on level 13 of the Dungeon)

   It has a curse which improves the following skills: Elements: Fire Magic, Ice
   Magic, Air Magic and Earth Magic.
   Melee Combat: Short Blades, Long Blades, Axes, Maces & Flails, Polearms,
   Staves and Unarmed Combat.
 y - a +0 pair of gloves
 E - a scarf of invisibility
 J - a +0 troll leather armour (worn)
 X - a +1 hat of intelligence
Magical Staves
 H - the cursed staff "Share My Jealousy" (weapon) {rF+ Fire, Cun, Elem}
   (You bought it in a shop on level 9 of the Dungeon)

   [staff of fire]

   Base accuracy: +5 Base damage: 5 Base attack delay: 1.2 This weapon's minimum
   attack delay (0.6) is reached at skill level 12.
   rF+:       It protects you from fire.
   Fire:      It increases the power of your Fire spells.
   It falls into the 'Staves' category.
   It is a one-handed weapon.
   It has a curse which improves the following skills: Cunning: Dodging and
   Stealth.
   Elements:  Fire Magic, Ice Magic, Air Magic and Earth Magic.
Jewellery
 k - a ring of resist corrosion
 q - the cursed ring "Eternal Awkwardness" (right hand) {Dex+6, Melee, Self}
   (You found it on level 4 of the Dungeon)

   [ring of dexterity]

   Dex+6:     It affects your dexterity (+6).
   It has a curse which improves the following skills: Melee Combat: Short
   Blades, Long Blades, Axes, Maces & Flails, Polearms, Staves and Unarmed
   Combat.
   Introspection: Fighting and Spellcasting.
 v - an amulet of reflection
 w - a ring of protection from fire
 x - a +6 ring of strength
 D - a ring of positive energy
 G - an amulet of reflection
 L - a ring of positive energy
 U - the ring of the Quick God (left hand) {rElec rC+ rCorr}
   (You found it on level 1 of the Lair of Beasts)

   [ring of protection from cold]

   rC+:       It protects you from cold.
   rElec:     It insulates you from electricity.
   rCorr:     It protects you from acid and corrosion.
 V - a +6 ring of strength
 W - the amulet of Viwkuah (around neck) {Reflect Harm Fragile Dex+3 SH+5}
   (You found it in a Gauntlet)

   [amulet of reflection]

   Reflect:   It reflects blocked missile attacks.
   Dex+3:     It affects your dexterity (+3).
   Fragile:   It will be destroyed if unequipped.
   SH+5:      It affects your SH (+5).
   Harm:      It increases damage dealt and taken.
Wands
 t - a wand of mindburst (13)
 B - a wand of digging (2)
 C - a wand of charming (22)
 M - a wand of flame (20)
 Q - a wand of iceblast (8)
Scrolls
 e - 5 scrolls of immolation
 g - 8 scrolls of teleportation
 l - 2 scrolls of poison
 m - a scroll of enchant armour
 r - 2 scrolls of vulnerability
 F - 3 scrolls of enchant weapon
 I - 2 scrolls of fog
 K - 7 scrolls of identify
 S - 2 scrolls of revelation
 T - 2 scrolls of fear
Potions
 b - 3 potions of brilliance
 c - a potion of cancellation
 d - 7 potions of curing
 h - 5 potions of invisibility
 j - 7 potions of enlightenment
 o - 2 potions of mutation
 s - 3 potions of might
 z - a potion of berserk rage
 A - 3 potions of degeneration
 O - a potion of resistance
 P - 2 potions of haste
 R - 2 potions of attraction


   Skills:
 + Level 14.8(15.9) Dodging
 - Level 1.5(2.4) Stealth
 * Level 15.9(17.0) Spellcasting
 * Level 15.9 Conjurations
 * Level 15.9 Hexes
   Level 0.0 Charms
 * Level 15.9 Summonings
 * Level 15.9 Necromancy
 * Level 15.9 Translocations
 * Level 15.9 Transmutations
 * Level 15.9(17.5) Fire Magic
 * Level 15.9(17.5) Ice Magic
 * Level 15.9(17.5) Air Magic
 * Level 15.9(17.5) Earth Magic
 * Level 19.8 Poison Magic


You knew the following spells:

 Your Spells              Type           Power      Damage    Failure   Level
a - Foxfire               Conj/Fire      100%       2x1d9     0%          1
b - Scorch                Fire           100%       2d9       0%          2
c - Volatile Blastmotes   Fire/Tloc      100%       2d18      0%          3
d - Inner Flame           Hex/Fire       100%       N/A       0%          3
e - Flame Wave            Conj/Fire      100%       2d21      1%          4
f - Slow                  Hex            100%       N/A       0%          1
g - Call Imp              Summ           100%       N/A       0%          2
h - Ozocubu's Armour      Ice            83%        N/A       0%          3
i - Stone Arrow           Conj/Erth      100%       3d13      0%          3
j - Summon Forest         Summ/Tloc      39%        N/A       1%          5
k - Irradiate             Conj/Tmut      39%        3d24      1%          5
Your spell library was empty.

Dungeon Overview and Level Annotations

Branches:
Dungeon (14/15)            Temple (1/1) D:7            Lair (3/5) D:11
  Swamp (0/4) Lair:2          Orc (0/2) D:12         Bailey (visited)
Gauntlet (1/1)
  Snake: Lair:2-3    Spider: Lair:2-3    Vaults: D:13-14

Altars:
Ashenzari
Cheibriados
Dithmenos
Elyvilon
Fedhas
Gozag
Hepliaklqana
Makhleb
Nemelex Xobeh
Okawaru
Qazlal
Ru
Trog
Uskayaw
Wu Jian
Xom
Yredelemnul
Zin
The Shining One

Shops:
D:1 =   D:5 *   D:9 *   D:13 *

Annotations:
D:6 1 runed translucent door, ytrimaz's ghost, novice DsSh Gauntlet 12 transporters


Innate Abilities, Weirdness & Mutations

You are immune to sickness and miasma.
You are immune to poison.
Your flesh is very heat resistant. (rF++)
You are vulnerable to cold. (rC-)
You float through the air rather than walking.
You learn spells naturally, not from books.
Your magical power is your life essence.
You have superior vitality. (+4 MHP)


Message History

Confirm with . or Enter, or press ? or * to list all spells.
You feel a surge of power!
Flames lash the minotaur but do no damage.
The minotaur hits you with a +7 quarterstaff of draining!
The minotaur completely misses you.
Casting: Scorch (safe; 0% risk of failure)
Confirm with . or Enter, or press ? or * to list all spells.
You erupt in a fountain of uncontrolled magic!
The minotaur is blasted with magical radiation!!
You kill the minotaur!
You are very lightly contaminated with residual magic.
* * * LOW HITPOINT WARNING * * *
Casting: Irradiate (safe; 1% risk of failure)
Confirm with . or Enter, or press ? or * to list all spells.
You feel a surge of power!
Flames lash the minotaur zombie.
The minotaur zombie is heavily damaged.
The minotaur zombie's fire resistance burns away.
* * * LOW HITPOINT WARNING * * *
Casting: Scorch (safe; 0% risk of failure)
Confirm with . or Enter, or press ? or * to list all spells.
Aiming: Stone Arrow (safe; 0% risk of failure)
Press: ? - help, Shift-Dir - straight line, f - minotaur zombie
Aim: a minotaur zombie (heavily damaged, more vulnerable to fire, 95% to hit)
The stone arrow hits the minotaur zombie!
The minotaur zombie is severely damaged.
* * * LOW HITPOINT WARNING * * *
The minotaur zombie barely misses you.
The minotaur zombie gores you but does no damage.
Casting: Stone Arrow (safe; 0% risk of failure)
Confirm with . or Enter, or press ? or * to list all spells.
Aiming: Stone Arrow (safe; 0% risk of failure)
Press: ? - help, Shift-Dir - straight line, f/p - minotaur zombie
Aim: a minotaur zombie (severely damaged, more vulnerable to fire, 95% to hit)
The stone arrow hits the minotaur zombie!!
The minotaur zombie is almost destroyed.
* * * LOW HITPOINT WARNING * * *
The minotaur zombie hits you!
* * * LOW HITPOINT WARNING * * *
The minotaur zombie gores you.
You die...

###+ ##..⌠ '⌠.. ... ∩. #.
######Z####### .......@.....#
#.###.###.###.# #.............#
###.###.###.###
#####.###.###.#####
#≈...............≈# ##
####8..©.©.©.©.©.©..8#### ### 8#
#8##≈...............≈##8# #8#
#################################


You could see a minotaur zombie (combustible).

Vanquished Creatures
  A minotaur (Gauntlet)
  3 hydras
  Harold (D:10)
  Erolcha (D:10)
  5 two-headed ogres
  Urug (Lair:1)
  An orc high priest (Bailey)
  Amaemon (D:10)
  A fire crab (shapeshifter) (D:14)
  A deep elf pyromancer (D:13)
  A lindwurm (Lair:1)
  An orc knight (Bailey)
  A manticore (D:11)
  2 ugly things (D:13)
  4 cyclopes
  Joseph (D:8)
  3 unseen horrors
  3 cane toads
  Maggie (D:8)
  An orange demon (D:10)
  A kobold demonologist (Bailey)
  Psyche (D:10)
  7 komodo dragons
  3 rime drakes
  An ice devil (Gauntlet)
  5 trolls
  A hornet (D:9)
  3 meliai (Gauntlet)
  A tarantella (Lair:1)
  4 blink frogs (Lair:2)
  A dream sheep (Lair:1)
  A jumping spider (Lair:1)
  Sigmund (D:3)
  2 wraiths
  9 yaks
  A human (D:14)
  A vampire (D:9)
  3 shadows (D:11)
  3 wyverns
  A basilisk (Lair:2)
  A steam dragon (D:9)
  Menkaure (D:5)
  3 swamp worms (Gauntlet)
  9 vampire mosquitoes
  6 water moccasins
  Duvessa (D:5)
  2 ice beasts
  19 orc warriors
  3 sky beasts
  3 black bears
  3 centaurs
  3 kobold brigands
  10 bullfrogs
  4 wights (D:7)
  Dowan (D:5)
  6 killer bees (D:10)
  5 electric eels
  7 howler monkeys
  3 lava snakes (Lair:1)
  Crazy Yiuf (D:5)
  2 jellies (D:6)
  7 hounds
  8 orc priests
  A gnoll bouda (D:5)
  Jessica (D:3)
  Natasha (thrice) (D:4)
  5 iguanas
  7 orc wizards
  A sleepcap (D:6)
  7 gnolls
  7 adders
  A shadow imp (D:6)
  3 white imps (Gauntlet)
  An ufetubus (D:6)
  A worm (D:2)
  A dart slug (D:3)
  52 orcs
  4 bats
  8 endoplasms
  4 giant cockroaches (D:1)
  13 goblins
  10 hobgoblins
  3 quokkas
  11 ball pythons
  3 frilled lizards (D:1)
  21 kobolds
  5 rats
365 creatures vanquished.

Vanquished Creatures (collateral kills)
  An ogre mage (D:14)
  4 boulder beetles
  5 two-headed ogres
  An ugly thing (D:13)
  A wolf spider (Lair:1)
  A torpor snail (Lair:1)
  A black mamba (Lair:1)
  2 cane toads (Lair:1)
  A blink frog (Lair:2)
  A dream sheep (Lair:1)
  A wraith (D:9)
  A human (D:14)
  4 yaks (D:9)
  3 vampire mosquitoes (D:13)
  An orc warrior (D:12)
  3 ogres (D:14)
  A gnoll bouda (Lair:1)
  A gnoll (D:5)
  A dart slug (D:3)
  5 orcs
  2 goblins
  2 kobolds (D:7)
  10 foxfires
53 creatures vanquished.

Vanquished Creatures (others)
  A human (D:14)
  919 foxfires
920 creatures vanquished.

Grand Total: 1338 creatures vanquished

Notes
Turn   | Place    | Note
-------+----------+-------------------------------------------
     0 | D:1      | Reached skill level 3 in Poison Magic
     0 | D:1      | Rohain the Djinni Fire Elementalist began the quest for the
                  | Orb.
     0 | D:1      | Rohain set off with the following spells memorised:
                  | Foxfire, Scorch, Volatile Blastmotes, Inner Flame, Flame
                  | Wave.
     0 | D:1      | Reached XP level 1. HP: 15/15 MP: 0/0
    99 | D:1      | Reached XP level 2. HP: 19/21 MP: 0/0
   215 | D:1      | Found Ogext's Jewellery Boutique.
   373 | D:1      | Reached XP level 3. HP: 24/25 MP: 0/0
   373 | D:1      | Learned a level 1 spell: Slow
  1091 | D:2      | Reached XP level 4. HP: 30/31 MP: 0/0
  1602 | D:3      | You are sucked into a shaft and drop 1 floor!
  1637 | D:4      | Reached skill level 4 in Poison Magic
  1637 | D:4      | Reached XP level 5. HP: 30/35 MP: 0/0
  1637 | D:4      | Learned a level 2 spell: Call Imp
  2162 | D:3      | Reached XP level 6. HP: 31/40 MP: 0/0
  2261 | D:3      | Noticed Jessica
  2266 | D:3      | Killed Jessica
  2293 | D:3      | Noticed Sigmund
  2300 | D:3      | Killed Sigmund
  2301 | D:3      | Reached skill level 5 in Spellcasting
  2301 | D:3      | Reached skill level 5 in Conjurations
  2301 | D:3      | Reached skill level 5 in Hexes
  2301 | D:3      | Reached skill level 5 in Summonings
  2301 | D:3      | Reached skill level 5 in Necromancy
  2301 | D:3      | Reached skill level 5 in Translocations
  2301 | D:3      | Reached skill level 5 in Transmutations
  2301 | D:3      | Reached skill level 5 in Fire Magic
  2301 | D:3      | Reached skill level 5 in Ice Magic
  2301 | D:3      | Reached skill level 5 in Air Magic
  2301 | D:3      | Reached skill level 5 in Earth Magic
  2301 | D:3      | Reached skill level 5 in Poison Magic
  2301 | D:3      | Reached XP level 7. HP: 38/45 MP: 0/0
  2301 | D:3      | Learned a level 3 spell: Ozocubu's Armour
  2548 | D:4      | Noticed Natasha
  2561 | D:4      | Killed Natasha
  2718 | D:4      | Noticed Natasha
  2720 | D:4      | Killed Natasha
  2802 | D:4      | Noticed Natasha
  2804 | D:4      | Killed Natasha
  2846 | D:5      | Entered Level 5 of the Dungeon
  2858 | D:5      | Reached skill level 5 in Dodging
  3371 | D:5      | Found a runed translucent door.
  3372 | D:5      | Noticed Crazy Yiuf
  3539 | D:5      | Found Wtem's Whimsical Warehouse.
  3646 | D:5      | Noticed Duvessa
  3655 | D:5      | Killed Duvessa
  3656 | D:5      | Reached XP level 8. HP: 36/50 MP: 0/0
  3795 | D:5      | Reached skill level 6 in Poison Magic
  3866 | D:5      | Noticed Dowan
  3880 | D:5      | Killed Dowan
  3981 | D:5      | Found a shadowy altar of Dithmenos.
  3982 | D:5      | Found a blossoming altar of Fedhas.
  3982 | D:5      | Found a burning altar of Makhleb.
  3994 | D:5      | Found a snail-covered altar of Cheibriados.
  4148 | D:5      | Noticed Menkaure
  4155 | D:5      | Killed Menkaure
  4292 | D:5      | Identified the +1 ring mail of Quantum Leap {+Blink rPois}
  4563 | D:5      | Killed Crazy Yiuf
  4568 | D:5      | Identified the +1 hammer of Radicalism {pain, Will+}
  4733 | D:6      | Noticed a yak
  4736 | D:6      | Noticed a yak
  4738 | D:6      | Noticed a yak
  4742 | D:6      | Noticed a yak
  4745 | D:6      | Killed a yak
  4898 | D:6      | Killed a yak
  4899 | D:6      | Reached skill level 7 in Poison Magic
  4899 | D:6      | Reached XP level 9. HP: 23/55 MP: 0/0
  4899 | D:6      | Learned a level 3 spell: Stone Arrow
  5226 | D:6      | Found a runed translucent door.
  5227 | D:6      | Noticed ytrimaz's ghost (novice DsSh)
  6289 | D:7      | Reached skill level 8 in Poison Magic
  6442 | D:7      | Found a staircase to the Ecumenical Temple.
  6453 | Temple   | Entered the Ecumenical Temple
  6458 | Temple   | Became a worshipper of Ashenzari the Shackled
  7202 | D:8      | Reached XP level 10. HP: 37/60 MP: 0/0
  7806 | D:8      | Noticed Joseph
  7818 | D:8      | Killed Joseph
  7819 | D:8      | Reached skill level 9 in Poison Magic
  7948 | D:8      | Found a bloodstained altar of Trog.
  7952 | D:8      | Noticed Maggie
  7966 | D:8      | Killed Maggie
  8430 | D:9      | Found Luruipocw's Elemental Accessories.
  8505 | D:9      | Bought a staff of fire for 275 gold pieces
  8522 | D:9      | Found a flagged portal.
  8633 | Bailey   | Entered a bailey
  9095 | Bailey   | Reached skill level 10 in Dodging
  9149 | Bailey   | Noticed an orc knight
  9159 | Bailey   | Killed an orc knight
  9160 | Bailey   | Reached skill level 10 in Spellcasting
  9160 | Bailey   | Reached skill level 10 in Conjurations
  9160 | Bailey   | Reached skill level 10 in Hexes
  9160 | Bailey   | Reached skill level 10 in Summonings
  9160 | Bailey   | Reached skill level 10 in Necromancy
  9160 | Bailey   | Reached skill level 10 in Translocations
  9160 | Bailey   | Reached skill level 10 in Transmutations
  9160 | Bailey   | Reached skill level 10 in Fire Magic
  9160 | Bailey   | Reached skill level 10 in Ice Magic
  9160 | Bailey   | Reached skill level 10 in Air Magic
  9160 | Bailey   | Reached skill level 10 in Earth Magic
  9160 | Bailey   | Reached skill level 10 in Poison Magic
  9160 | Bailey   | Reached XP level 11. HP: 46/65 MP: 0/0
  9160 | Bailey   | Learned a level 5 spell: Summon Forest
  9502 | Bailey   | Acquired a manual of Poison Magic
  9742 | Bailey   | Found an iron altar of Okawaru.
  9761 | Bailey   | Noticed an orc high priest
  9775 | Bailey   | Killed an orc high priest
  9776 | Bailey   | Reached skill level 11 in Poison Magic
  9932 | Bailey   | Reached skill level 14 in Poison Magic
  9932 | Bailey   | Reached XP level 12. HP: 70/70 MP: 0/0
 10072 | D:9      | Noticed a two-headed ogre
 10077 | D:9      | Killed a two-headed ogre
 10436 | D:9      | Reached skill level 15 in Poison Magic
 10479 | D:9      | Identified the +7 mace of Eternal Vigilance {speed, rN+
                  | Int+2}
 10843 | D:10     | Entered Level 10 of the Dungeon
 10920 | D:10     | Reached * piety under Ashenzari
 10931 | D:10     | Noticed Erolcha
 10995 | D:10     | Killed Erolcha
 11057 | D:10     | Noticed Amaemon
 11065 | D:10     | Killed Amaemon
 11205 | D:10     | Noticed Psyche
 11217 | D:10     | Noticed Harold
 11221 | D:10     | Killed Psyche
 11268 | D:10     | Found a sparkling altar of Nemelex Xobeh.
 11275 | D:10     | Killed Harold
 11417 | D:10     | Noticed a two-headed ogre
 11422 | D:10     | Killed a two-headed ogre
 11423 | D:10     | Reached skill level 16 in Poison Magic
 11423 | D:10     | Reached XP level 13. HP: 69/75 MP: 0/0
 11423 | D:10     | Learned a level 5 spell: Irradiate
 11897 | D:11     | Identified the +0 mace of Kismet {venom, Will+ Str+3}
 12439 | D:11     | Found a staircase to the Lair.
 12506 | D:11     | Reached ** piety under Ashenzari
 13099 | D:12     | Found a staircase to the Orcish Mines.
 13300 | D:12     | Reached skill level 17 in Poison Magic
 13879 | D:13     | Noticed a four-headed hydra
 13892 | D:13     | Killed a four-headed hydra
 14229 | D:13     | Found Fydier's Assorted Antiques.
 14232 | D:13     | Bought an embroidered cloak for 195 gold pieces
 14538 | D:14     | Noticed an ogre mage
 14544 | D:14     | Killed an ogre mage
 14545 | D:14     | Reached skill level 18 in Poison Magic
 14545 | D:14     | Reached XP level 14. HP: 28/80 MP: 0/0
 14757 | D:14     | Reached skill level 15 in Spellcasting
 14757 | D:14     | Reached skill level 15 in Conjurations
 14757 | D:14     | Reached skill level 15 in Hexes
 14757 | D:14     | Reached skill level 15 in Summonings
 14757 | D:14     | Reached skill level 15 in Necromancy
 14757 | D:14     | Reached skill level 15 in Translocations
 14757 | D:14     | Reached skill level 15 in Transmutations
 14757 | D:14     | Reached skill level 15 in Fire Magic
 14757 | D:14     | Reached skill level 15 in Ice Magic
 14757 | D:14     | Reached skill level 15 in Air Magic
 14757 | D:14     | Reached skill level 15 in Earth Magic
 14906 | Lair:1   | Entered Level 1 of the Lair of Beasts
 15362 | Lair:1   | Noticed Urug
 15376 | Lair:1   | Killed Urug
 15377 | Lair:1   | Reached skill level 19 in Poison Magic
 15454 | Lair:1   | Reached *** piety under Ashenzari
 15945 | Lair:1   | Found a runed translucent door.
 15945 | Lair:1   | Found the +3 hat of Pondering {ponderous, Will+ MP+10
                  | Int+5}
 16379 | Lair:1   | Found a runed translucent gate.
 16379 | Lair:1   | Found a runed translucent gate.
 16379 | Lair:1   | Found a runed translucent gate.
 16379 | Lair:1   | Found a runed translucent gate.
 16382 | Lair:1   | Found a runed translucent gate.
 16383 | Lair:1   | Found a runed translucent gate.
 16385 | Lair:1   | Identified the ring of the Quick God {rElec rC+ rCorr}
 17003 | Lair:2   | Found a staircase to the Swamp.
 17458 | Lair:3   | Found a gate leading to a gauntlet.
 17467 | Gauntlet | Entered a Gauntlet
 17467 | Gauntlet | Found a transporter.
 17475 | Gauntlet | Found a transporter.
 17477 | Gauntlet | Found a transporter.
 17490 | Gauntlet | Found a transporter.
 17499 | Gauntlet | Found a transporter.
 17504 | Gauntlet | Found a transporter.
 17519 | Gauntlet | Identified the amulet "Gyus" {Acrobat rN+ Regen+ Slay+3
                  | Stlth-}
 17521 | Gauntlet | Found a transporter.
 17539 | Gauntlet | Found a transporter.
 17551 | Gauntlet | Found a transporter.
 17552 | Gauntlet | Identified the +0 helmet of Courage {Harm +Blink rF- Dex+3}
 17561 | Gauntlet | Identified the amulet of Viwkuah {Reflect Harm Fragile
                  | Dex+3 SH+5}
 17567 | Gauntlet | Found a transporter.
 17579 | Gauntlet | Found a transporter.
 17591 | Gauntlet | Found a transporter.
 17594 | Gauntlet | Identified the ring "Lurghu" {rPois rN+ Str+2 Dex+6}
 17613 | Gauntlet | Found a transporter.
 17613 | Gauntlet | Found a transporter.
 17659 | Gauntlet | Found a transporter.
 17659 | Gauntlet | Identified the Directory of the Mutated Morgue
 17687 | Gauntlet | Found a transporter.
 17689 | Gauntlet | Found a transporter.
 17756 | Gauntlet | Found a transporter.
 17894 | Gauntlet | Noticed a minotaur
 17903 | Gauntlet | Killed a minotaur
 17906 | Gauntlet | Slain by a minotaur zombie

Illustrated notes

Levels and vault maps discovered:
D:1:      dpeg_arrival_connections, layout_basic, serial_shops, shop,
          grunt_decor_arrowhead, minmay_misc_feat_doors
D:2:      layout_basic, minmay_cupped
D:3:      cheibrodos_old_hovel, layout_rooms, uniq_jessica, uniq_sigmund
D:4:      layout_basic, minmay_surrounded, uniq_natasha
D:5:      layout_basic, minmay_overflow_temple_star_hex, nicolae_alphabet_shops,
          uniq_duvessa, uniq_crazy_yiuf_cottage, uniq_menkaure
D:6:      layout_basic, ebering_ghost_reflecting_pool, hex_intersection
D:7:      layout_basic, minmay_temple_entry_trees
D:8:      layout_basic, mainiacjoe_overflow_chevrons, uniq_maggie, uniq_joseph
D:9:      layout_long_grid, enter_bailey_6, nicolae_elemental_shop
D:10:     layout_long_grid, nemelex_xobeh_ov_fountains_minmay,
          nrook_pool_corridor, nicolae_hexahallways, uniq_psyche, uniq_amaemon,
          uniq_harold, uniq_erolcha
D:11:     layout_loops_corners, grunt_lair_entry_orc_guard_hut
D:12:     layout_basic, david_orc_5, serial_co_window_serial, co_window_paths_a,
          co_window_of_opportunity_a, co_window_paths_a, co_window_corner_a,
          co_window_corner_a, co_window_corner_a, co_window_2corner,
          co_window_of_opportunity_b, co_window_paths_c, co_window_broadway_c,
          co_window_corner_b, co_window_paths_c, glass_columns_b,
          glass_columns_b, glass_columns_b, blue_anna_alchemist
D:13:     layout_rooms, serial_shops, kennysheep_mini
D:14:     layout_loops_ring, ximxim_vaults_locker_room,
          gammafunk_ghost_spectres, serial_shops, nicolae_shop_stone,
          uniq_louise, uniq_kirke
Temple:   hellmonk_temple_of_storms
Lair:1:   gammafunk_indiana_jones, layout_loops_ring, columned_hall_lemuel,
          dreamdust_gnoll_shepherd, uniq_urug
Lair:2:   layout_cave_pods, swamp_mist, st_stairs_12
Lair:3:   layout_regular_city, nicolae_spider_entry_orb_guardian,
          gauntlet_entry_generic, basic_altar, nicolae_lair_grazing_beasts
          [nicolae_sub_lair_graze_edge, nicolae_sub_lair_graze_edge,
          nicolae_sub_lair_graze_edge, nicolae_sub_lair_graze_edge]
Gauntlet: gammafunk_gauntlet_one_two_three [gammafunk_gauntlet_arena_crates,
          gammafunk_gauntlet_arena_split_x, gammafunk_gauntlet_arena_mazey,
          nicolae_gauntlet_swirl, gammafunk_gauntlet_arena_grid,
          nicolae_gauntlet_arena_quarters, nicolae_gauntlet_arena_t_cross,
          gammafunk_gauntlet_arena_chambers,
          gammafunk_gauntlet_arena_arrow_garden, gauntlet_exit_hidden_loot]

Skill      XL: |  1  2  3  4  5  6  7  8  9 10 11 12 13 14 |
---------------+-------------------------------------------+-----
Spellcasting   | 4 5 7 8 10 12 13 14 15 | 15.9
Conjurations   | 4 5 7 8 10 12 13 14 15 | 15.9
Hexes          | 4 5 7 8 10 12 13 14 15 | 15.9
Summonings     | 4 5 7 8 10 12 13 14 15 | 15.9
Necromancy     | 4 5 7 8 10 12 13 14 15 | 15.9
Translocations | 4 5 7 8 10 12 13 14 15 | 15.9
Transmutations | 4 5 7 8 10 12 13 14 15 | 15.9
Fire Magic     | 4 5 7 8 10 12 13 14 15 | 15.9
Ice Magic      | 4 5 7 8 10 12 13 14 15 | 15.9
Air Magic      | 4 5 7 8 10 12 13 14 15 | 15.9
Earth Magic    | 4 5 7 8 10 12 13 14 15 | 15.9
Poison Magic   | 4 5 7 8 10 14 16 18 19 | 19.8
Dodging        | 3 4 5 7 8 10 11 13 14 | 14.8
Stealth        | |  1.5

Action                     |  1- 3 |  4- 6 |  7- 9 | 10-12 | 13-15 || total
---------------------------+-------+-------+-------+-------+-------++-------
  Melee: Unarmed           |     3 |       |       |       |       ||     3
         Staff             |       |       |       |       |     4 ||     4
   Cast: Foxfire           |    66 |    42 |    85 |   228 |   148 ||   569
         Scorch            |    13 |    22 |    93 |   112 |   153 ||   393
         Slow              |     1 |       |       |     3 |     1 ||     5
         Call Imp          |       |     6 |    21 |    10 |     4 ||    41
         Ozocubu's Armour  |       |       |     1 |     3 |    20 ||    24
         Stone Arrow       |       |       |    16 |    14 |   129 ||   159
         Flame Wave        |       |       |       |     6 |     7 ||    13
         Inner Flame       |       |       |       |     2 |     3 ||     5
         Summon Forest     |       |       |       |     3 |    15 ||    18
         Irradiate         |       |       |       |       |     4 ||     4
 Invoke: Curse Item        |       |       |       |     2 |     2 ||     4
         Shatter the Chain |       |       |       |       |     1 ||     1
    Use: Scroll            |     8 |     4 |     7 |     3 |     6 ||    28
         Potion            |       |       |     1 |     2 |     2 ||     5
 Armour: Robe              |     3 |     1 |     1 |     3 |       ||     8
         Troll leather arm |       |       |       |     5 |    23 ||    28
  Dodge: Dodged            |     9 |     7 |    30 |    49 |   177 ||   272
  Block: Other             |       |       |       |     9 |    35 ||    44
         Reflection        |       |       |       |     2 |     3 ||     5

Table legend: (Time is in decaauts)
 A = Elapsed time spent in this place.
 B = Non-inter-level travel time spent in this place.
 C = Inter-level travel time spent in this place.
 D = Time resting spent in this place.
 E = Time spent auto-exploring this place.
 F = Levels seen in this place.
 G = Mean time per level.
                   A        B        C        D        E       F      G
               +--------+--------+--------+--------+--------+-----+--------+
         Total |  18024 |  17287 |    737 |   2499 |  11575 |  20 |  901.2 |
       Dungeon |  13497 |  12907 |    590 |   1360 |   9420 |  14 |  964.1 |
        Temple |     10 |      6 |      4 |      0 |      0 |   1 |   10.0 |
          Lair |   2634 |   2492 |    142 |    468 |   1601 |   3 |  878.0 |
        Bailey |   1411 |   1411 |      0 |    633 |    412 |   1 | 1411.0 |
      Gauntlet |    470 |    470 |      0 |     38 |    141 |   1 |  470.0 |
               +--------+--------+--------+--------+--------+-----+--------+

Top non-repeatable levels by time:
     D:5: 1689 daAuts
  Lair:1: 1470 daAuts
  Bailey: 1411 daAuts
     D:7: 1328 daAuts
     D:6: 1271 daAuts
    D:12: 1195 daAuts
  Lair:2: 1141 daAuts
    D:11: 1098 daAuts
     D:9: 1055 daAuts
     D:4: 1050 daAuts
     D:8: 1045 daAuts
     D:1: 796 daAuts
    D:13: 760 daAuts
    D:10: 739 daAuts
     D:2: 673 daAuts
